Map: Stasis LE

Players

TrumSC

  • Race: Protoss Protoss
  • League: Gold
  • Spawn Location: 11:00

BadFaith - Winner!

  • Race: Zerg Zerg
  • League: Platinum
  • Spawn Location: 1:00

VOD

Have the link to the VOD?

Description

Time

  • Played on: Dec. 8, 2018, 8:49 a.m.
  • Length: 5:18
Show
View Real Time Build Order
Export as new Build Order

TrumSC Protoss 

Build Orders:  

Get SALT Encoding   

  12  0:12  Probe  
  13  0:24  Probe  
  13  0:26  Pylon  
  14  0:36  Probe  
  15  0:46  Gateway  
  15  0:48  Probe  
  16  0:53  Gateway  
  16  1:02  Probe  
  17  1:04  Assimilator  
  17  1:14  Probe  
  18  1:34  Probe  
  19  1:46  Probe  
  20  1:47  Cybernetics Core  
  20  1:52  Zealot  
  22  2:00  Nexus  
  22  2:11  Assimilator  
  22  2:20  Warp Gate  
  22  2:25  Pylon  
  22  2:39  Pylon  
  22  2:41  Probe  
  22  2:43  Adept x2  
  27  2:53  Probe  
  27  3:20  Probe  
  27  3:26  Twilight Council  
  28  3:29  Robotics Facility  
  28  3:34  Probe x2  
  28  3:36  Pylon  
  30  3:42  Probe x2  
  32  3:51  Probe  
  32  3:52  Probe  
  32  4:14  Probe  
  32  4:15  Probe  
  30  4:23  Probe x2  
  32  4:26  Observer  
  35  4:32  Probe x2  
  35  4:34  Gateway  
  35  4:35  Gateway  
  37  4:42  Gateway  
  37  4:44  Probe x2  
  39  4:51  Adept  
  39  4:54  Assimilator  
  39  4:56  Probe x2  
Show
View Real Time Build Order
Export as new Build Order

BadFaith Zerg - Winner!

Build Orders: Hatch First 

Get SALT Encoding   

  12  0:01  Drone  
  13  0:13  Overlord  
  13  0:18  Drone  
  14  0:31  Drone x2  
  14  0:34  Drone  
  17  0:55  Hatchery  
  17  0:56  Drone  
  17  1:01  Extractor  
  17  1:03  Drone  
  17  1:18  Spawning Pool  
  16  1:22  Drone  
  16  1:25  Drone  
  18  1:29  Drone  
  19  1:39  Drone  
  20  1:50  Overlord  
  20  2:03  Drone  
  20  2:04  Metabolic Boost  
  20  2:06  Queen  
  20  2:08  Zergling x2  
  24  2:14  Drone  
  25  2:21  Drone  
  26  2:23  Queen  
  26  2:25  Drone  
  29  2:34  Drone x2  
  31  2:40  Drone  
  32  2:47  Overlord  
  32  2:50  Drone  
  33  3:02  Drone x2  
  33  3:03  Hatchery  
  34  3:07  Drone  
  34  3:11  Drone  
  36  3:19  Zergling x8  
  40  3:30  Zergling x2  
  40  3:31  Zergling x2  
  40  3:33  Lair  
  42  3:36  Drone  
  42  3:37  Evolution Chamber  
  42  3:38  Evolution Chamber  
  42  3:39  Drone  
  42  3:45  Queen  
  44  3:50  Overlord  
  44  4:07  Drone x2  
  44  4:12  Drone x4  
  47  4:17  Drone x2  
  47  4:22  Drone  
  47  4:23  Spore Crawler  
  49  4:24  Spore Crawler  
  49  4:27  Drone x2  
  49  4:28  Queen  
  52  4:34  Drone  
  53  4:40  Drone x2  
  53  4:42  Overlord  
  54  4:55  Zergling x6  
  54  4:59  Overlord x4  
Tags
 
Matchup
PvZ
Replay Pack
LEARN AGAIN
Spawn Locations
Close Positions
Add a new tag
Caveats
  • Supply blocks, unpowered buildings, or Contaminate may cause inaccurate times.
  • Supply counts are checked every 10 seconds.